 Dungeon Crawl Stone Soup version 0.18-a0-1126-ga2d7f46 (webtiles) character file.

21 st0uf the Ruffian (level 2, -7/23 HPs)
             Began as a Draconian Transmuter on Jan 20, 2016.
             Killed by divine providence
             ... invoked by an orc priest
              (15 damage)
             ... on level 3 of the Dungeon on Jan 21, 2016.
             The game lasted 00:03:31 (314 turns).

st0uf the Ruffian (Draconian Transmuter)             Turns: 314, Time: 00:03:32

Health: -7/23      AC:  4    Str: 12    XL:     2   Next: 65%
Magic:  4/5        EV: 12    Int: 13    God:
Gold:   11         SH:  0    Dex: 11    Spells: 1 memorised, 4 levels left

rFire  . . .     SeeInvis .       - Unarmed
rCold  . . .     Gourm    .     (armour unavailable)
rNeg   . . .     Faith    .     (no shield)
rPois  .         Spirit   .     (helmet restricted)
rElec  .         Dismiss  .     (no cloak)
rCorr  .         Reflect  .     (no gloves)
SustAt .         Harm     .     (no boots)
MR     .....                    (no amulet)
Stlth  +.........               (no ring)
                                (no ring)

@: appendage, not resistant to hostile enchantments, very unstealthy
A: unfitting armour, horns 2, cold-blooded, AC +4
a: End Transformation


You were on level 3 of the Dungeon.
You were not hungry.
You had grown temporary horns.
You visited 1 branch of the dungeon, and saw 3 of its levels.

You collected 11 gold pieces.

Inventory:

Missiles
 a - 12 arrows
Scrolls
 e - a scroll of fear {unknown}
 g - a scroll of enchant weapon {unknown}
 h - a scroll of remove curse {unknown}
 i - a scroll of noise {unknown}
 j - a scroll of identify {unknown}
Potions
 d - a potion of brilliance {unknown}
Books
 b - a book of Changes

   Spells                             Type                      Level
   a - Beastly Appendage              Transmutation                1
   b - Sticks to Snakes               Transmutation                2
   c - Spider Form                    Transmutation/Poison         3
   d - Ice Form                       Ice/Transmutation            4
   e - Blade Hands                    Transmutation                5
Comestibles
 c - 2 bread rations
 f - 8 chunks of flesh


   Skills:
 + Level 1.1 Fighting
 + Level 1.9 Dodging
 * Level 3.8 Unarmed Combat
 + Level 2.0 Spellcasting
 * Level 2.0 Transmutations


You had 4 spell levels left.
You knew the following spells:

 Your Spells              Type           Power        Failure   Level  Hunger
a - Beastly Appendage     Trmt           #.....       12%         1    ##.....


Dungeon Overview and Level Annotations

Branches:
Dungeon (3/15)

Altars:
Dithmenos


Innate Abilities, Weirdness & Mutations

Your plain brown scales are hard (AC +4).
Your body does not fit into most forms of armour.
You are cold-blooded and may be slowed by cold attacks.
You have a pair of horns on your head.


Message History

Casting: Beastly Appendage
Confirm with . or Enter, or press ? or * to list all spells.
You grow a pair of large bovine horns.
You hit the orc priest.
The orc priest is lightly wounded.
The orc priest barely misses you.
You hit the orc priest. Your headbutt misses the orc priest.
The orc priest is moderately wounded.
The orc priest invokes the aid of Beogh against you.
Something smites you!
Ouch! That really hurt!
You closely miss the orc priest. You headbutt the orc priest.
The orc priest is moderately wounded.
The orc priest hits you but does no damage.
You hit the orc priest. You tail-slap the orc priest.
The orc priest is almost dead.
The orc priest mumbles some strange prayers to Beogh against you.
Something smites you!
Ouch! That really hurt!
You die...

#.#
#.......#
#.# #
##.####.#
#.# #. #.#
#.#
#.####.#
#.#
#.....#.#
#.#
###..###.#
#.###.$.##
#.#
#.)...#..##
.o.
#####.##.@#
#o#
#.##.#o# .#
#.##.### #
#)##.#
#.##.#
#.#(#. #.##
#


You could see an orc priest.

Vanquished Creatures
  An adder (D:2)
  2 orcs (D:3)
  3 hobgoblins
  3 kobolds
  A giant newt (D:1)
10 creatures vanquished.

Notes
Turn   | Place    | Note
--------------------------------------------------------------
     0 | D:1      | st0uf the Draconian Transmuter began the quest for the Orb.
     0 | D:1      | Reached XP level 1. HP: 16/16 MP: 3/3
   137 | D:2      | Reached XP level 2. HP: 23/23 MP: 3/5
   143 | D:2      | Found a shadowy altar of Dithmenos.
   314 | D:3      | Killed from afar by an orc priest

Vault maps used:
D:1:      dpeg_arrival_windows_large_door
D:2:      lemuel_blue_sif_altar, nicolae_overflow_crystal_walls,
          corner_web_ring, uniq_jessica, uniq_crazy_yiuf_cottage, uniq_terence
D:3:      good_gods_temple_1, lemuel_round_altar,
          nicolae_overflow_hidden_temple, kennysheep_pointless_box

Action                   || total
-------------------------++-------
Melee: Unarmed           ||    32
 Cast: Beastly Appendage ||     8
